 Seeded DCSS version 0.30-a0-458-g86641cc (webtiles) character file.

Game seed: 3104730600629004498 (custom seed)

9007 Illumine the Fighter (level 11, -3/89 HPs)
             Began as a Barachi Gladiator on Dec 11, 2022.
             Was a High Priest of Okawaru.
             Killed from afar by a starcursed mass (7 damage)
             ... with an accursed screaming
             ... on level 1 of the Abyss on Dec 13, 2022.
             The game lasted 00:42:26 (12991 turns).

Illumine the Fighter (Barachi Gladiator)           Turns: 12991, Time: 00:42:27

Health: -3/89      AC: 13    Str: 16      XL:     11   Next: 39%
Magic:  19/19      EV: 11    Int:  6 (11) God:    Okawaru [*****.]
Gold:   731        SH: 10    Dex: 15      Spells: 8/21 levels left

rFire   x . .      SeeInvis .    e - +1 long sword
rCold   . . .      Faith    +    n - +0 kite shield
rNeg    . . .      Spirit   .    q - +1 leather armour {rPois}
rPois   +          Reflect  .    w - +2 hat
rElec   .          Harm     .    (no cloak)
rCorr   .          Rampage  .    (no gloves)
Will    .....                    K - +2 pair of boots {Stlth+}
Stlth   ++........               F - amulet of faith
HPRegen 0.34/turn                B - +4 ring of protection
MPRegen 0.16/turn                L - ring of flight

@: about to teleport, flying, slow
A: amphibious, slowness 1, strong legs 1, +LOS, heat vulnerability 1
a: Hop, Renounce Religion, Heroism, Finesse, Duel


You were on level 1 of the Abyss.
You worshipped Okawaru.
Okawaru was extremely pleased with you.
You visited 1 branch of the dungeon, and saw 11 of its levels.
You visited the Abyss 1 time.
You also visited: Sewer.

You collected 809 gold pieces.
You spent 78 gold pieces at shops.

Inventory:

Hand Weapons
 a - a +0 rapier
 e - a +1 long sword (weapon)
 t - a +0 scimitar
Missiles
 d - 3 throwing nets
 p - 11 poisoned darts (quivered)
 D - 2 datura-tipped darts
 G - a javelin
 N - 5 boomerangs
Armour
 n - a +0 kite shield (worn)
 q - a +1 leather armour of poison resistance (worn)
 w - a +2 hat (worn)
 K - a +2 pair of boots of stealth (worn)
Jewellery
 v - an amulet of regeneration
 B - a +4 ring of protection (left hand)
 F - an amulet of faith (around neck)
 L - a ring of flight (right hand)
 M - a ring of ice
Wands
 C - a wand of paralysis (7)
 I - a wand of roots (3)
Scrolls
 c - a scroll of blinking {unknown}
 i - 2 scrolls of vulnerability
 k - 2 scrolls of teleportation
 m - 5 scrolls of immolation
 o - a scroll of butterflies {unknown}
 r - 3 scrolls of enchant weapon
 y - 4 scrolls of poison
 A - a scroll of magic mapping {unknown}
 E - 2 scrolls of fear
 J - 2 scrolls of enchant armour
 O - 2 scrolls of amnesia
Potions
 b - 3 potions of flight
 f - a potion of curing
 g - a potion of brilliance {unknown}
 h - 3 potions of magic
 j - 4 potions of haste
 l - 5 potions of cancellation
 s - a potion of mutation {unknown}
 x - 4 potions of ambrosia
 z - a potion of might {unknown}
 H - 3 potions of lignification {unknown}


   Skills:
 + Level 9.4 Fighting
 - Level 8.2(8.9) Short Blades
 + Level 5.6(8.1) Long Blades
 - Level 2.0 Throwing
 + Level 4.3 Armour
 - Level 3.2 Dodging
 + Level 7.6 Shields
 + Level 5.5 Spellcasting
 + Level 3.3 Translocations
 - Level 4.6 Transmutations
 - Level 4.5 Air Magic
 - Level 5.0 Invocations


You had 8 spell levels left.
You knew the following spells:

 Your Spells              Type           Power      Damage    Failure   Level
a - Storm Form            Tmut/Air       3%         N/A       100%        7
b - Blink                 Tloc           10%        N/A       32%         2
c - Manifold Assault      Tloc           5%         N/A       91%         4

Your spell library contained the following spells:

 Spells                   Type           Power      Damage    Failure   Level
 Wereblood                Tmut           7%         N/A       19%         2
 Sublimation of Blood     Necr           1%         N/A       78%         2
 Portal Projectile        Hex/Tloc       6%         N/A       78%         3
 Hailstorm                Conj/Ice       1%         3d3       95%         3
 Ice Form                 Ice/Tmut       4%         N/A       97%         4
 Blade Hands              Tmut           3%         N/A       98%         5
 Leda's Liquefaction      Hex/Erth       0%         N/A       100%        4
 Lee's Rapid Deconstruct  Erth           0%         3d4*      100%        5
 Statue Form              Tmut/Erth      2%         N/A       100%        6
 Tukima's Dance           Hex            Unusable   N/A       N/A         3
 Simulacrum               Ice/Necr       Unusable   N/A       N/A         6
 Summon Hydra             Summ           Unusable   N/A       N/A         7

Dungeon Overview and Level Annotations

Branches:
Dungeon (11/15)            Temple (0/1) D:4            Lair (0/5) D:11
    Orc (0/2) D:9           Sewer (visited)

Altars:
Dithmenos
Gozag
Kikubaaqudgha
Nemelex Xobeh
Okawaru
Qazlal
Sif Muna
Trog
Vehumet
Wu Jian
Zin

Shops:
D:4 [   D:10 *

Annotations:
D:6 Grinder
D:11 exclusion: electric eel


Innate Abilities, Weirdness & Mutations

You are amphibious.
You cover ground slowly.
You can hop short distances.
You have an extended range of vision and can be seen from far away.
You are vulnerable to heat. (rF-)


Message History

You suddenly lose the ability to move!
A starcursed mass splits.
You can move again.
A cacophony of accursed wailing tears at your sanity!
* * * LOW HITPOINT WARNING * * *
A starcursed mass splits.
You feel much better.
A starcursed mass splits.
A cacophony of accursed wailing tears at your sanity!
* * * LOW HITPOINT WARNING * * *
Okay, then.
Okay, then.
Aiming: Fastroot
Press: ? - help, Shift-Dir - straight line, f - starcursed mass
Aim: a starcursed mass The roots erupt in riotous growth!
Roots grab the starcursed mass. x4
The grasping roots constrict the starcursed mass!
The grasping roots constrict the starcursed mass. x3
The starcursed mass shudders and is absorbed by its neighbour.
The roots lose their grip on the starcursed mass.
The starcursed mass shudders and is absorbed by its neighbour.
Roots grab the starcursed mass.
The roots lose their grip on the starcursed mass.
The starcursed mass shudders and is absorbed by its neighbour.
The roots lose their grip on the starcursed mass. x2
The starcursed mass shudders and withdraws towards its neighbour.
A deafening chorus of shrieks assaults your mind!
* * * LOW HITPOINT WARNING * * *
You shrug off the repeated paralysis!
The starcursed mass struggles to escape constriction.
Okay, then.
The starcursed mass attacks as you move away!
The starcursed mass misses you.
The grasping roots constrict the starcursed mass.
The roots release their grip on the starcursed mass.
The starcursed mass shudders and is absorbed by its neighbour.
A starcursed mass splits.
A deafening chorus of shrieks assaults your mind!
* * * LOW HITPOINT WARNING * * *
A chorus of shrieks assaults your mind.
You die...

# #..# . #..#.##..# #.
#..... .......# . #
###..... ##...## #.
#..# .# #..#X.X.## .#
#..##....##XX#X.#
##..#..#.# ##.X.##
.....#......#.##..##.#
... .#######.##.####
... .. .. ##@..# . ...
............# ....
#.....#...........
##...
...###......#.... #...
. .. .#..#...###... .
... . .....##.## #.##
. ....... ..... ...
..# .... ..... ... ..
.. #. ...#. ...


You could see 4 starcursed masses.

Vanquished Creatures
  A two-headed ogre (D:9)
  11 yaks
  A ynoxinul (Abyss:1)
  3 wyverns
  A small abomination (Abyss:1)
  2 steam dragons
  A neqoxec (Abyss:1)
  A vampire mosquito (D:8)
  5 water moccasins
  3 sky beasts
  2 black bears
  9 orc warriors
  2 wolves (D:11)
  3 ogres
  5 centaurs
  2 phantoms
  A kobold brigand (D:8)
  3 bullfrogs
  2 necrophages
  A gnoll sergeant (D:11)
  3 scorpions
  9 wights
  5 killer bees
  6 howler monkeys
  3 jellies
  9 orc priests
  A gnoll bouda (D:9)
  4 hounds
  An iron imp (Abyss:1)
  3 iguanas
  13 orc wizards
  7 gnolls
  13 adders
  6 river rats (Sewer)
  An ufetubus (D:6)
  2 worms
  2 dart slugs
  59 orcs
  12 ball pythons
  7 bats
  10 endoplasms
  4 giant cockroaches
  7 goblins
  5 hobgoblins
  2 jackals (D:2)
  3 quokkas
  7 frilled lizards
  10 kobolds
  16 rats
289 creatures vanquished.

Vanquished Creatures (others)
  A human (D:9)
  A fungus (D:11)
  19 plants (D:11)
21 creatures vanquished.

Grand Total: 310 creatures vanquished

Notes
Turn   | Place    | Note
-------+----------+-------------------------------------------
     0 | D:1      | Illumine the Barachi Gladiator began the quest for the Orb.
     0 | D:1      | Reached XP level 1. HP: 17/17 MP: 1/1
   139 | D:1      | Reached XP level 2. HP: 23/23 MP: 2/2
   365 | D:1      | Reached skill level 3 in Fighting
   457 | D:1      | Reached XP level 3. HP: 29/29 MP: 3/3
   892 | D:2      | Found an iron altar of Okawaru.
   997 | D:2      | Became a worshipper of Warmaster Okawaru
  1674 | D:3      | Reached XP level 4. HP: 32/35 MP: 4/4
  2239 | D:3      | Reached skill level 5 in Short Blades
  2425 | D:3      | Reached skill level 1 in Shields
  2425 | D:3      | Reached XP level 5. HP: 31/42 MP: 5/5
  2467 | D:3      | Found a bloodstained altar of Trog.
  2531 | D:4      | Found a staircase to the Ecumenical Temple.
  2531 | D:4      | Found a shadowy altar of Dithmenos.
  2578 | D:4      | Noticed a phantom
  2610 | D:3      | Killed a phantom
  2611 | D:3      | Reached skill level 4 in Fighting
  2611 | D:3      | Reached skill level 1 in Invocations
  2912 | D:4      | Found Awnuda's Antique Armour Boutique.
  2926 | D:4      | Reached XP level 6. HP: 45/48 MP: 7/7
  2933 | D:4      | Reached * piety under Okawaru
  3306 | D:4      | Found a sparkling altar of Nemelex Xobeh.
  3306 | D:4      | Found a radiant altar of Vehumet.
  3405 | D:5      | Entered Level 5 of the Dungeon
  3441 | D:5      | Found a glowing drain.
  3446 | Sewer    | Entered a sewer
  3544 | Sewer    | Reached skill level 1 in Armour
  3687 | Sewer    | Reached XP level 7. HP: 53/55 MP: 8/8
  4139 | D:5      | Reached skill level 5 in Fighting
  4458 | D:5      | Reached ** piety under Okawaru
  4625 | D:5      | Reached XP level 8. HP: 41/63 MP: 9/9
  4921 | D:6      | Reached skill level 6 in Fighting
  5003 | D:6      | Learned a level 7 spell: Storm Form
  5044 | D:6      | Reached *** piety under Okawaru
  5124 | D:6      | Received a gift from Okawaru
  5313 | D:6      | Reached skill level 1 in Spellcasting
  5313 | D:6      | Reached skill level 1 in Transmutations
  5313 | D:6      | Reached skill level 1 in Air Magic
  5313 | D:6      | Reached XP level 9. HP: 49/71 MP: 7/10
  5379 | D:6      | Noticed Grinder
  5694 | D:6      | Reached skill level 5 in Shields
  5714 | D:6      | Found an opulent altar of Gozag.
  5939 | D:7      | Reached skill level 7 in Fighting
  6040 | D:7      | Upgraded the game from 0.30-a0-445-g92f4fb2 to
                  | 0.30-a0-458-g86641cc
  6606 | D:7      | Reached skill level 1 in Long Blades
  7571 | D:8      | Reached **** piety under Okawaru
  7708 | D:8      | Reached XP level 10. HP: 47/80 MP: 13/15
  8029 | D:8      | Found a shimmering blue altar of Sif Muna.
  8043 | D:8      | Reached skill level 8 in Fighting
  8409 | D:9      | Noticed a two-headed ogre
  8430 | D:9      | Killed a two-headed ogre
  8726 | D:9      | Received a gift from Okawaru
  9149 | D:8      | Learned a level 2 spell: Blink
  9154 | D:8      | Learned a level 4 spell: Manifold Assault
  9219 | D:9      | Found a staircase to the Orcish Mines.
  9535 | D:8      | Reached ***** piety under Okawaru
  9842 | D:9      | Reached skill level 1 in Translocations
 10242 | D:9      | Found an ancient bone altar of Kikubaaqudgha.
 10307 | D:9      | Reached XP level 11. HP: 32/87 MP: 18/18
 10753 | D:10     | Entered Level 10 of the Dungeon
 10777 | D:10     | Found an ornate altar of the Wu Jian Council.
 11055 | D:10     | Reached skill level 5 in Spellcasting
 11071 | D:10     | Reached skill level 9 in Fighting
 11071 | D:10     | Reached skill level 5 in Long Blades
 11077 | D:10     | Reached skill level 5 in Invocations
 11408 | D:10     | Found Roitoif's General Store.
 11419 | D:10     | Bought 3 scrolls of identify for 78 gold pieces
 11533 | D:10     | Found a stormy altar of Qazlal.
 11731 | D:10     | Found a glowing silver altar of Zin.
 12321 | D:11     | Found a staircase to the Lair.
 12493 | Abyss:1  | Cast into level 1 of the Abyss (gnoll)
 12695 | Abyss:1  | Noticed a thrashing horror
 12696 | Abyss:1  | Noticed a sixfirhy
 12697 | Abyss:1  | Noticed a starcursed mass
 12703 | Abyss:1  | Noticed a thrashing horror
 12807 | Abyss:1  | Noticed a starcursed mass
 12870 | Abyss:1  | Gained mutation: You are vulnerable to heat. (rF-) [a
                  | neqoxec]
 12910 | Abyss:1  | Noticed a red very ugly thing
 12976 | Abyss:1  | Noticed a starcursed mass
 12983 | Abyss:1  | Paralysed by accursed screaming for 1 turns
 12986 | Abyss:1  | Paralysed by accursed screaming for 1 turns
 12990 | Abyss:1  | HP: 4/89 [starcursed mass/accursed screaming (7)]
 12991 | Abyss:1  | Killed from afar by a starcursed mass

Illustrated notes

Levels and vault maps discovered:
D:1:      wander_arrival_chamber, layout_basic
D:2:      layout_rooms, basic_altar
D:3:      wad_crossroads, layout_basic, amcnicky_altar_gilded,
          kennysheep_generic_room_5
D:4:      layout_basic, grunt_dithmenos_smoke,
          gammafunk_temple_overflow_elements, minmay_temple_entry_proselytizer,
          serial_shops, shop, minmay_misc_feat_chi, grunt_decor_one_mirror
D:5:      layout_loops_corners, portal_sewer_entry_e, kennysheep_nondescript,
          kennysheep_generic_room_8
D:6:      layout_loops_ring, grunt_gozag_breadcrumbs, st_stairs_10,
          hangedman_decor_slide_cut, uniq_grinder
D:7:      layout_cave_pools
D:8:      layout_rooms, mainiacjoe_overflow_alcove_2, minmay_bent
D:9:      layout_gridville, tgw_kikubaaqudgha, david_orc_5
D:10:     layout_stronghold, zin_scriptorium, pdpol_wu_jian_five_deadly_venoms,
          grunt_qazlal_clouds, serial_shops, shop, nicolae_figureground_sparkle
D:11:     layout_basic, minmay_lair_entry_grove, nicolae_trove_entry_diagonal,
          serial_shops, shop_statue
Abyss:1:  base:
D:4

Skill      XL: |  1  2  3  4  5  6  7  8  9 10 11 |
---------------+----------------------------------+-----
Short Blades   | 4 5 6 7 8 |  8.2
Fighting       | 3 4 5 6 7 8 9 |  9.4
Shields        | 1 2 3 4 5 7 |  7.6
Invocations    | 1 2 3 4 5 |  5.0
Armour         | 1 2 4 |  4.3
Spellcasting   | 1 3 4 5 |  5.5
Transmutations | 1 3 4 |  4.6
Air Magic      | 1 3 4 |  4.5
Long Blades    | 2 4 5 |  5.6
Translocations | 1 3 |  3.3
Throwing       | |  2.0
Dodging        | |  3.2

Action                   |  1- 3 |  4- 6 |  7- 9 | 10-12 || total
-------------------------+-------+-------+-------+-------++-------
Melee: Rapier            |   125 |   297 |   534 |       ||   956
       Long sword        |       |       |   154 |   599 ||   753
Throw: Throwing net      |       |     2 |     3 |       ||     5
       Dart              |       |       |    23 |    25 ||    48
       Javelin           |       |       |     1 |       ||     1
Invok: Heroism           |       |       |     7 |     7 ||    14
       Finesse           |       |       |       |     1 ||     1
Evoke: Wand              |       |       |     1 |     1 ||     2
  Use: Scroll            |     3 |       |     6 |    14 ||    23
       Potion            |       |       |     2 |     6 ||     8
 Stab: Sleeping          |     1 |     1 |     1 |     2 ||     5
       Held in net/web   |       |     4 |       |       ||     4
       Paralysed         |       |       |     1 |       ||     1
       Distracted        |       |       |       |     1 ||     1
Armor: Leather armour    |    47 |    59 |   248 |   289 ||   643
Dodge: Dodged            |    83 |   117 |   279 |   334 ||   813
Block: Kite shield       |     2 |    93 |   321 |   421 ||   837

Table legend: (Time is in decaauts)
 A = Elapsed time spent in this place.
 B = Non-inter-level travel time spent in this place.
 C = Inter-level travel time spent in this place.
 D = Time resting spent in this place.
 E = Time spent auto-exploring this place.
 F = Levels seen in this place.
 G = Mean time per level.
                   A        B        C        D        E       F      G
               +--------+--------+--------+--------+--------+-----+--------+
         Total |  14508 |  14206 |    302 |   3000 |   6688 |  13 | 1116.0 |
       Dungeon |  13441 |  13139 |    302 |   2702 |   6513 |  11 | 1221.9 |
         Abyss |    532 |    532 |      0 |    273 |     25 |   1 |  532.0 |
         Sewer |    534 |    534 |      0 |     24 |    149 |   1 |  534.0 |
               +--------+--------+--------+--------+--------+-----+--------+

Top non-repeatable levels by time:
     D:9: 2121 daAuts
     D:8: 2079 daAuts
    D:10: 1492 daAuts
     D:3: 1375 daAuts
     D:5: 1194 daAuts
     D:7: 1133 daAuts
     D:6: 1055 daAuts
     D:1: 1013 daAuts
     D:4: 815 daAuts
     D:2: 677 daAuts
   Sewer: 534 daAuts
 Abyss:1: 532 daAuts
    D:11: 482 daAuts
